 Dungeon Crawl Stone Soup version 0.31-a0-771-g505c3d19dc (webtiles) character file.

Game seed: 14904016100261684637

440951 quakins the Skinwalker (level 23, -2/301 HPs)
             Began as a Troll Shapeshifter on Sept 17, 2023.
             Was the Champion of Trog.
             Slain by a cyan very ugly thing (illusionary) (6 damage)
             ... on level 3 of the Depths.
             The game lasted 02:22:04 (54556 turns).

quakins the Skinwalker (Troll Shapeshifter)        Turns: 54556, Time: 02:22:04

Health: -2/301     AC: 50    Str: 36    XL:     23   Next: 2%
Magic:  0/22       EV: 14    Int: 11    God:    Trog [******]
Gold:   1201       SH: 11    Dex: 11    Spells: 22/22 levels left

rFire   + +          .
                       - Unarmed
rCold   + + .        i - +2 shield of Resistance {rF++ rC++ Will++}
rNeg    + . .        B - melded +12 gold dragon scales of the Accordion {+Blink rPois rF+ rC+ Stlth+}
rPois   ∞            V - +2 hat of the Bear Spirit {Spirit, Bear, *Rage Will++}
rElec   +            l - +1 cloak of the Vacuum {Will+ Int+5}
rCorr   .            (gloves unavailable)
SInv    .            (boots unavailable)
Will    +++++        m - amulet of faith
Stlth   +            q - +4 ring of protection
HPRegen 1.50/turn    a - ring "Vychiul" {AC+4 Dex+2}
MPRegen 0.18/turn

%: random rage (20%), guardian spirit, faith
@: statue-form, on berserk cooldown, slowed, very slow
A: slow and powerful, torment resistance 1, boosted hp, large, unfitting armour,
claws 3, regeneration 1, (shaggy fur 1), (tough skin 1), deterioration 2
}: 2/15 runes: decaying, serpentine
a: Begin Untransformation, Renounce Religion, Berserk, Trog's Hand, Brothers in
Arms


You were on level 3 of the Depths.
You worshipped Trog.
Trog was exalted by your worship.
You were a living statue of rough stone.
You visited 9 branches of the dungeon, and saw 41 of its levels.
You visited the Abyss 1 time.
You also visited: Wizlab.

You collected 5018 gold pieces.
You spent 3817 gold pieces at shops.

Inventory:

Missiles
 I - 5 throwing nets
 O - 52 large rocks (quivered)
Armour
 i - the +2 shield of Resistance (worn) {rF++ rC++ Will++}
   (You bought it in a shop on level 3 of the Elven Halls)

   rF++:      It greatly protects you from fire.
   rC++:      It greatly protects you from cold.
   Will++:    It greatly increases your willpower.
 l - the +1 cloak of the Vacuum (worn) {Will+ Int+5}
   (You found it in a wizard's laboratory)

   Int+5:     It affects your intelligence (+5).
   Will+:     It increases your willpower.
 B - the +12 gold dragon scales of the Accordion (melded) {+Blink rPois rF+ rC+ Stlth+}
   (You acquired it on level 2 of the Elven Halls)

   rF+:       It protects you from fire.
   rC+:       It protects you from cold.
   rPois:     It protects you from poison +Blink: It lets you blink.
   Stlth+:    It makes you more stealthy.
 V - the +2 hat of the Bear Spirit (worn) {Spirit, Bear, *Rage Will++}
   (You bought it in a shop on level 1 of the Vaults)

   Bear:      Going berserk makes the wearer exceptionally tough, and they are
   slowed for a shorter time afterward.
   Will++:    It greatly increases your willpower.
   *Rage:     It berserks you when you make melee attacks (+20% chance).
Jewellery
 a - the ring "Vychiul" (right claw) {AC+4 Dex+2}
   (You took it off a fire giant on level 3 of the Depths)

   [ring of protection]

   AC+4:      It affects your AC (+4).
   Dex+2:     It affects your dexterity (+2).
 m - an amulet of faith (around neck)
 q - a +4 ring of protection (left claw)
 E - the ring of Giwaf {rN+ Str+3 Dex+2}
   (You found it on level 5 of the Lair of Beasts)

   [ring of positive energy]

   Str+3:     It affects your strength (+3).
   Dex+2:     It affects your dexterity (+2).
   rN+:       It protects you from negative energy.
Talismans
 h - a serpent talisman
 F - a storm talisman
 N - a granite talisman (active)
Wands
 s - a wand of light (46)
 v - a wand of roots (68)
 y - a wand of flame (93)
 M - a wand of paralysis (49)
 Q - a wand of polymorph (41)
 U - a wand of mindburst (63)
 Z - a wand of digging (15)
Scrolls
 c - 2 scrolls of torment
 d - 5 scrolls of enchant armour
 f - 2 scrolls of revelation
 k - 13 scrolls of teleportation
 t - 11 scrolls of fog
 w - 11 scrolls of enchant weapon
 A - a scroll of poison
 D - 5 scrolls of blinking
 G - 8 scrolls of fear
 P - 4 scrolls of immolation
 S - 2 scrolls of vulnerability
 T - a scroll of silence
 W - a scroll of brand weapon
 X - 2 scrolls of summoning
Potions
 b - 9 potions of lignification
 e - 14 potions of curing
 g - a potion of resistance
 n - 4 potions of invisibility
 o - 3 potions of cancellation
 p - 8 potions of magic
 r - 3 potions of mutation
 u - 9 potions of heal wounds
 x - a potion of attraction
 z - 5 potions of might
 C - 6 potions of haste
 L - 3 potions of berserk rage
 R - 2 potions of ambrosia
 Y - 3 potions of enlightenment
Miscellaneous
 j - a tin of tremorstones (2/2)
 J - a phantom mirror
 K - a phial of floods


   Skills:
 + Level 14.4 Fighting
 - Level 14.0 Dodging
 + Level 6.4 Shields
 + Level 18.4 Unarmed Combat
 - Level 6.0 Evocations
 * Level 26.8 Shapeshifting


You had 22 spell levels left.
You didn't know any spells.
Your spell library contained the following spells:

 Spells                   Type           Power      Damage    Failure   Level
 Apportation              Tloc           0%         N/A       50%         1
 Foxfire                  Conj/Fire      0%         2x1d4     50%         1
 Necrotise                Necr           0%         1d4       50%         1
 Summon Small Mammal      Summ           0%         N/A       50%         1
 Blink                    Tloc           0%         N/A       65%         2
 Ensorcelled Hibernation  Hex/Ice        0%         N/A       65%         2
 Lesser Beckoning         Tloc           0%         N/A       65%         2
 Momentum Strike          Conj/Tloc      0%         3d8       65%         2
 Passwall                 Tmut/Erth      0%         N/A       65%         2
 Swiftness                Air            0%         N/A       86%         3
 Volatile Blastmotes      Fire/Tloc      0%         2d10      86%         3
 Fulminant Prism          Conj/Hex       0%         3d5       99%         4
 Iskenderun's Mystic Bla  Conj/Tloc      0%         2d3       99%         4
 Plasma Beam              Fire/Air       0%         2x1d10    100%        6
 Starburst                Conj/Fire      0%         6d3       100%        6


Dungeon Overview and Level Annotations

Branches:
Dungeon (15/15)            Temple (1/1) D:6            Lair (5/5) D:8
  Swamp (4/4) Lair:2        Snake (4/4) Lair:3        Slime (0/5) Lair:5
    Orc (2/2) D:11            Elf (3/3) Orc:2        Vaults (4/5) D:14
  Crypt (0/3) Vaults:3     Depths (3/4) D:15         WizLab (visited)

Altars:
Ashenzari
Cheibriados
Dithmenos
Elyvilon
Fedhas
Gozag
Hepliaklqana
Kikubaaqudgha
Makhleb
Nemelex Xobeh
Okawaru
Qazlal
Ru
Sif Muna
Trog
Uskayaw
Vehumet
Wu Jian
Xom
Yredelemnul
Zin
The Shining One
Lugonu

Shops:
D:2 *!(   D:3 *   D:13 *   Orc:2 (?==   Elf:1 :   Elf:2 :   Elf:3 *[:=
Snake:3 (   Vaults:1 *[   Vaults:4 =   Depths:1 ==:   Depths:2 [

Portals:
Hell: Depths:1 Depths:2
Abyss: Orc:1 Depths:3
Pandemonium: Depths:1 Depths:2


Innate Abilities, Weirdness & Mutations

You are a living statue of rough stone.
Your actions are slow, but your melee attacks are powerful.
You are resistant to unholy torment.
Your maximum health is greatly increased.
Your equipment is partially melded.
You are too large for most types of armour.
You are immune to poison.
You have claws for hands.
Your natural rate of healing is unusually fast.
((You are covered in fur. (AC +1)))
((You have tough skin. (AC +1)))
Your body often deteriorates upon taking damage.


Message History

The fire giant burns you.
* * * LOW HITPOINT WARNING * * *
The fire giant hits you but does no damage.
The cyan very ugly thing closely misses you.
The white very ugly thing headbutts you.
* * * LOW HITPOINT WARNING * * *
The white very ugly thing freezes you! You resist.
* * * LOW HITPOINT WARNING * * *
The spriggan air mage hits you but does no damage.
You block the brown ugly thing's attack.
The brown very ugly thing basks in the mutagenic energy from its kin and changes!
You block the spriggan berserker's attack.
The rakshasa closely misses you. The fire giant barely misses you.
The fire giant hits you but does no damage.
The cyan very ugly thing engulfs you but does no damage.
The white very ugly thing headbutts you!
* * * LOW HITPOINT WARNING * * *
The white very ugly thing freezes you! You resist.
* * * LOW HITPOINT WARNING * * *
The spriggan air mage misses you.
Blink to where?
Press: ? - help, Dir - move target
As you read the scroll of blinking, it crumbles to dust.
The spriggan berserker hits you with a +0 hand axe!!
* * * LOW HITPOINT WARNING * * *
The rakshasa blinks!
The white very ugly thing basks in the mutagenic energy from its kin and changes!
The brown ugly thing basks in the mutagenic energy from its kin and changes!
The spriggan berserker hits you with a +0 hand axe.
* * * LOW HITPOINT WARNING * * *
As you read the scroll of teleportation, it crumbles to dust.
You feel strangely stable.
The polar bear rages.
You block the spriggan berserker's attack.
The spriggan berserker hits you with a +0 hand axe!!
* * * LOW HITPOINT WARNING * * *
The cyan very ugly thing engulfs you.
* * * LOW HITPOINT WARNING * * *
The cyan very ugly thing shocks you. You resist.
You die...

...........# #
....[......#...
.###.....C.#......#
.....u.hR..........
......uuu..........
........†u...#....#
.......uC....#..###
......iiu....>..#
...##.8..#.....#
..........######
##........#
#.......##
###...... ....#.##
##... ## ####


You could see 5 very ugly things, 2 fire giants, 2 ugly things, a rakshasa, a
spriggan berserker (berserk, regenerating, strong-willed), a spriggan air mage
(repels missiles) and a polar bear (summoned, berserk).

Vanquished Creatures
  An ancient lich (Depths:2)
  Saint Roka (Vaults:2)
  Margery (Vaults:2)
  A caustic shrike (Depths:3)
  Nikola (Vaults:3)
  2 golden dragons (Depths:3)
  Norris (Vaults:2)
  3 tentacled monstrosities
  Mlioglotl (Swamp:2)
  3 liches
  2 deep elf master archers
  A quicksilver dragon (shapeshifter) (Elf:3)
  3 walking earthen tomes (Depths:3)
  2 quicksilver dragons (Depths:3)
  3 deep elf blademasters (Elf:2)
  4 sphinxes
  The ghost of Gadrel the Severer, an adept AtMo of the Shining One (Swamp:4)
  2 thorn hunters (Swamp:4)
  5 nagarajas (Snake:4)
  Donald (Snake:1)
  Aizul (Snake:1)
  A storm dragon (D:14)
  2 tentacled starspawn
  Roxanne (Swamp:1)
  The ghost of Saont the Stormcaller, an adept TeAE of Qazlal (Snake:4)
  A tengu reaver (Depths:3)
  5 fire giants (Depths:3)
  2 shadow dragons (Depths:3)
  2 fenstrider witches (Swamp:4)
  7 deep elf sorcerers
  3 frost giants
  7 vault wardens
  4 orc warlords
  Louise (Swamp:3)
  12 ironbound preservers
  2 spriggan defenders
  A cacodemon (WizLab)
  2 formless jellyfish
  5 stone giants
  A reaper (Depths:2)
  4 war gargoyles
  13 very ugly things
  6 ironbound thunderhulks
  7 eleionomae
  A lorocyproca (Depths:1)
  7 deep elf annihilators
  3 deep elf demonologists (Elf:3)
  6 bunyips
  3 spark wasps (Depths:1)
  10 dire elephants
  5 deep elf death magi
  A merfolk javelineer (Depths:3)
  2 merfolk impalers
  2 eidola
  9 ettins
  5 crystal guardians
  10 yaktaur captains
  5 great orbs of eyes
  A fire dragon (Depths:2)
  2 deep elf high priests
  2 great orbs of eyes (shapeshifter) (Abyss:3)
  3 shambling mangroves (Swamp:4)
  An entropy weaver (Vaults:2)
  6 jiangshi
  19 hydras
  Harold (D:9)
  A salamander tyrant (Snake:4)
  4 rakshasas
  4 ice dragons
  2 ghost crabs
  A peacekeeper (Vaults:1)
  4 spriggan air magi
  5 alligators
  5 ironbound frosthearts
  An ogre mage (D:15)
  8 anacondas
  18 centaur warriors
  A death knight (D:14)
  7 boulder beetles
  The ghost of LeprechaunX the Mimic, a journeyman OpSh of Hepliaklqana (D:12)
  16 two-headed ogres
  3 deep troll shamans
  3 vampire magi
  31 dancing weapons
  7 tengu warriors
  17 death yaks
  A merfolk avatar (Lair:5)
  A boulder beetle (shapeshifter) (Depths:3)
  23 naga warriors
  7 deep troll earth magi
  A sphinx skeleton (Vaults:4)
  7 orc high priests
  3 spriggan berserkers
  9 shock serpents
  8 hell knights
  8 thrashing horrors
  14 deep elf knights
  12 naga sharpshooters
  2 fire crabs (Lair:2)
  8 salamander mystics
  7 skysharks
  Amaemon (D:8)
  A sixfirhy (WizLab)
  A wretched star (Abyss:3)
  3 skeletal warriors
  4 iron trolls
  A fire crab (shapeshifter) (Abyss:3)
  3 goliath frogs
  A sea snake (Lair:5)
  2 death drakes (Swamp:2)
  51 deep trolls
  5 glowing orange brains
  An obsidian statue (WizLab)
  9 naga ritualists
  13 swamp dragons
  6 spriggan druids
  5 wizards
  8 deep elf archers
  5 bog bodies
  3 phantasmal warriors (D:14)
  10 ironbound convokers
  Pikel (D:5)
  3 lindwurms
  15 harpies
  21 deep elf pyromancers
  6 necromancers
  30 deep elf zephyrmancers
  7 orc sorcerers
  37 ugly things
  9 orc knights
  3 manticores
  5 will-o-the-wisps
  6 mana vipers
  A shadow dragon skeleton (Vaults:4)
  29 salamanders
  A worldbinder (WizLab)
  5 elephants
  7 cyclopes
  An elf zombie (Vaults:4)
  A human zombie (Vaults:1)
  3 guardian serpents
  3 guardian serpents (shapeshifter)
  A rust devil (Depths:1)
  21 naga magi
  6 centaur zombies
  24 black mambas
  3 orange demons
  9 vault sentinels
  3 gargoyles (Depths:2)
  13 cane toads
  8 unseen horrors
  5 centaur skeletons (D:14)
  4 smoke demons
  Jeremiah (D:8)
  An efreet (D:15)
  7 rime drakes
  A redback zombie (D:14)
  23 yaktaurs
  A freezing wraith (D:14)
  4 ice devils
  8 komodo dragons
  5 tengu conjurers
  An ancient zyme (Abyss:3)
  A kobold demonologist (D:13)
  4 human skeletons
  A harpy zombie (D:14)
  9 trolls
  A bloated husk (Swamp:3)
  11 tyrant leeches
  2 hellwings
  2 wind drakes (Lair:5)
  4 polar bears
  3 meliai (D:13)
  11 hornets
  7 raiju
  A wolf spider simulacrum (D:15)
  30 blink frogs
  3 snapping turtles (Lair:5)
  Sigmund (D:5)
  6 air elementals
  6 dream sheep (Lair:3)
  A meliai zombie (D:14)
  10 spriggans
  A stone giant simulacrum (Vaults:4)
  A centaur simulacrum (D:15)
  40 slime creatures
  8 wraiths
  3 flying skulls (D:14)
  8 water elementals
  A shadow (D:11)
  31 yaks
  7 wyverns
  2 fire elementals
  A ynoxinul (WizLab)
  6 basilisks
  Eustachio (D:5)
  Grum (Lair:1)
  A steam dragon (Lair:2)
  A redback (shapeshifter) (Elf:1)
  An elf skeleton (Vaults:1)
  A neqoxec (Abyss:3)
  19 vampire mosquitoes
  49 nagas
  3 spatial vortices (WizLab)
  6 chaos spawn
  2 wargs (Vaults:2)
  12 water moccasins
  13 swamp worms
  2 acid dragons
  10 swamp drakes
  A floating eye (shapeshifter) (Orc:2)
  8 large abominations
  2 glowing shapeshifter skeletons
  27 orc warriors
  4 ice beasts
  4 black bears
  4 sky beasts
  8 ogres
  6 starcursed masses (WizLab)
  5 boggarts
  21 wolves
  6 centaurs
  A phantom (D:5)
  10 bullfrogs
  4 kobold brigands
  A gnoll sergeant (D:11)
  4 scorpions
  2 glowing shapeshifter simulacra
  4 earth elementals
  10 wights
  7 small abominations
  15 killer bees
  10 electric eels
  5 lava snakes (Snake:2)
  A quasit (Abyss:3)
  An iron imp (WizLab)
  4 jellies
  23 orc priests
  3 hounds
  2 gnoll boudas
  8 iguanas
  Ijyb (D:4)
  Terence (D:2)
  A boggart zombie (D:14)
  7 hell rats
  26 orc wizards
  A boggart simulacrum (D:15)
  10 gnolls
  5 adders
  3 river rats (D:8)
  A white imp (WizLab)
  4 ufetubi
  2 worms
  3 dart slugs
  83 orcs
  9 bats
  8 endoplasms
  2 giant cockroaches
  9 goblins
  4 hobgoblins
  9 quokkas
  7 ball pythons
  4 frilled lizards
  16 kobolds
  7 rats
  A lurking horror (Orc:1)
1740 creatures vanquished.

Vanquished Creatures (collateral kills)
  A vault warden (Vaults:1)
  2 eidola (D:14)
  An ironbound frostheart (Vaults:1)
  A hydra (Swamp:3)
  A death knight (D:14)
  A swamp dragon (Swamp:4)
  A phantasmal warrior (D:14)
  An elephant (Lair:1)
  A centaur zombie (D:14)
  A yaktaur (Vaults:1)
  A harpy zombie (D:14)
  A flying skull (D:14)
  2 bullfrogs (Lair:1)
15 creatures vanquished.

Vanquished Creatures (others)
  An eldritch tentacle (WizLab)
  An ironbound thunderhulk (Vaults:3)
  2 anacondas (Snake:4)
  A deep elf knight (Orc:2)
  2 mana vipers (Snake:4)
  A deep elf zephyrmancer (Elf:2)
  2 moths of wrath (Snake:4)
  A black mamba (Snake:3)
  A guardian serpent (Snake:4)
  An unseen horror (Abyss:3)
  2 bloated husks (Swamp:1)
  A centaur (shapeshifter) (Elf:2)
  3 ball lightnings (Snake:4)
  13 foxfires
  3 lurking horrors
  6 starspawn tentacles (WizLab)
41 creatures vanquished.

Grand Total: 1796 creatures vanquished

Notes
Turn   | Place    | Note
-------+----------+-------------------------------------------
     0 | D:1      | quakins the Troll Shapeshifter began the quest for the Orb.
     0 | D:1      | Reached XP level 1. HP: 18/18 MP: 0/0
   268 | D:1      | Reached XP level 2. HP: 26/26 MP: 1/1
   698 | D:2      | Reached XP level 3. HP: 32/32 MP: 2/2
   699 | D:2      | Found Ecunuxit's Distillery.
   703 | D:2      | Noticed Terence
   704 | D:2      | Found Ystusil's General Store.
   710 | D:2      | Killed Terence
   877 | D:2      | Reached XP level 4. HP: 31/40 MP: 3/3
  1003 | D:2      | Found Xifos's Antique Weapon Shoppe.
  1051 | D:2      | Reached skill level 5 in Unarmed Combat
  1576 | D:3      | Found a faded altar of an unknown god.
  1785 | D:3      | Found Gozag's Platinum Reserve.
  1785 | D:3      | Found the +4 robe of Augmentation {Str+4 Int+4 Dex+4}
  1792 | D:3      | Found an opulent altar of Gozag.
  1931 | D:3      | Reached XP level 5. HP: 46/46 MP: 4/4
  2138 | D:4      | Noticed Ijyb
  2144 | D:4      | Killed Ijyb
  2289 | D:4      | Noticed an orc warrior
  2299 | D:4      | Reached skill level 4 in Shapeshifting
  2343 | D:3      | Reached XP level 6. HP: 50/54 MP: 5/5
  2531 | D:5      | Entered Level 5 of the Dungeon
  2551 | D:5      | Reached skill level 5 in Shapeshifting
  2577 | D:5      | Noticed Eustachio
  2661 | D:5      | Noticed Pikel
  2667 | D:5      | Reached XP level 7. HP: 57/61 MP: 6/6
  2675 | D:5      | Killed Pikel
  2676 | D:5      | Reached skill level 7 in Shapeshifting
  2722 | D:5      | Noticed Sigmund
  2726 | D:5      | Reached XP level 8. HP: 68/68 MP: 7/7
  2742 | D:5      | Killed Sigmund
  3154 | D:5      | Found an ornate altar of the Wu Jian Council.
  3686 | D:5      | Killed Eustachio
  3750 | D:6      | Found a staircase to the Ecumenical Temple.
  3786 | D:6      | Reached skill level 10 in Unarmed Combat
  3807 | Temple   | Entered the Ecumenical Temple
  3818 | Temple   | Became a worshipper of Trog the Wrathful
  3871 | D:6      | Reached skill level 1 in Fighting
  3871 | D:6      | Reached XP level 9. HP: 76/76 MP: 8/8
  4310 | D:6      | Found a blossoming altar of Fedhas.
  4595 | D:7      | Reached * piety under Trog
  4731 | D:7      | Reached skill level 8 in Shapeshifting
  4891 | D:7      | Found a burning altar of Makhleb.
  5313 | D:8      | Noticed a death yak
  5420 | D:8      | Reached skill level 9 in Shapeshifting
  5427 | D:8      | Reached ** piety under Trog
  5470 | D:7      | Killed a death yak
  5471 | D:7      | Reached XP level 10. HP: 92/92 MP: 9/9
  5524 | D:8      | Noticed a death yak
  5525 | D:8      | Noticed a death yak
  5534 | D:7      | Killed a death yak
  5535 | D:7      | Reached skill level 10 in Shapeshifting
  5617 | D:8      | Killed a death yak
  5659 | D:8      | Found a staircase to the Lair.
  5846 | D:9      | Reached skill level 5 in Fighting
  5879 | D:9      | Found an ancient bone altar of Kikubaaqudgha.
  5880 | D:9      | Found a basalt altar of Yredelemnul.
  5882 | D:9      | Found a glowing golden altar of the Shining One.
  5885 | D:9      | Found a hide-covered altar of Uskayaw.
  5910 | D:9      | Found a hazy altar of Hepliaklqana.
  5911 | D:9      | Found a broken altar of Ashenzari.
  5912 | D:9      | Noticed a two-headed ogre
  5930 | D:9      | Killed a two-headed ogre
  6130 | D:9      | Noticed a six-headed hydra
  6231 | D:8      | Noticed Jeremiah
  6245 | D:8      | Killed Jeremiah
  6266 | Lair:1   | Entered Level 1 of the Lair of Beasts
  6286 | Lair:1   | Noticed a cane toad
  6369 | D:9      | Noticed a two-headed ogre
  6374 | D:9      | Killed a two-headed ogre
  6375 | D:9      | Reached XP level 11. HP: 56/105 MP: 10/10
  7063 | D:9      | Noticed a skeletal warrior
  7073 | D:9      | Killed a skeletal warrior
  7097 | D:9      | Noticed Harold
  7107 | D:9      | Killed Harold
  7113 | D:9      | Reached skill level 1 in Evocations
  7397 | D:9      | Killed a 12-headed hydra
  7596 | D:10     | Entered Level 10 of the Dungeon
  7599 | D:10     | Noticed a two-headed ogre
  7611 | D:10     | Killed a two-headed ogre
  7991 | D:10     | Reached *** piety under Trog
  8523 | D:11     | Reached skill level 11 in Shapeshifting
  9164 | D:11     | Noticed a boulder beetle
  9170 | D:11     | Killed a boulder beetle
  9272 | D:11     | Noticed a two-headed ogre
  9280 | D:11     | Killed a two-headed ogre
  9384 | D:11     | Found a staircase to the Orcish Mines.
  9406 | D:11     | Reached XP level 12. HP: 79/114 MP: 11/11
  9409 | D:11     | Reached **** piety under Trog
  9562 | D:12     | Identified the +6 dire flail of Dim Light {spect, Fragile
                  | rF+ Str+6}
  9562 | D:12     | Identified the +10 great mace of Malum Prohibitum {flame,
                  | rF- rN+ Int+3 Dex+4}
  9562 | D:12     | Noticed a two-headed ogre
  9569 | D:12     | Noticed a two-headed ogre
  9570 | D:12     | Noticed a two-headed ogre
  9571 | D:12     | Noticed a two-headed ogre
  9588 | D:12     | Noticed a two-headed ogre
  9589 | D:12     | Noticed a two-headed ogre
  9600 | D:12     | Found a transporter.
  9620 | D:12     | Reached skill level 12 in Shapeshifting
  9909 | D:12     | Noticed a two-headed ogre
  9909 | D:12     | Noticed a two-headed ogre
  9910 | D:12     | Noticed LeprechaunX's ghost (journeyman OpSh)
 10663 | Lair:1   | Noticed Grum
 10682 | Lair:1   | Killed Grum
 10747 | Lair:1   | Reached skill level 13 in Shapeshifting
 10869 | Lair:1   | Noticed a boulder beetle
 10869 | Lair:1   | Noticed a four-headed hydra
 10881 | Lair:1   | Killed a 13-headed hydra
 10900 | Lair:1   | Killed a boulder beetle
 11127 | Lair:1   | Reached skill level 14 in Shapeshifting
 11501 | Lair:1   | Reached skill level 5 in Dodging
 11538 | Lair:1   | Noticed Amaemon
 11691 | D:8      | Killed Amaemon
 12359 | Lair:2   | Reached XP level 13. HP: 100/124 MP: 12/12
 12614 | Lair:2   | Reached ***** piety under Trog
 13002 | Lair:2   | Found a staircase to the Swamp.
 13183 | Lair:2   | Received a gift from Trog
 13875 | Lair:2   | Noticed a dire elephant
 13882 | Lair:2   | Killed a dire elephant
 14428 | Lair:3   | Reached skill level 15 in Shapeshifting
 14677 | Lair:3   | Identified the +5 quarterstaff of Faeteell {venom, rF-
                  | Int+6}
 14760 | Lair:3   | Reached XP level 14. HP: 134/136 MP: 13/13
 15197 | Lair:3   | Reached skill level 16 in Shapeshifting
 15255 | Lair:3   | Found a staircase to the Snake Pit.
 16549 | Lair:5   | Entered Level 5 of the Lair of Beasts
 16951 | Lair:5   | Reached skill level 10 in Fighting
 17183 | Lair:5   | Found a staircase to the Slime Pits.
 17755 | Lair:5   | Identified the +6 trident "Osier" {freeze, rPois}
 17797 | Lair:5   | Identified the ring of Giwaf {rN+ Str+3 Dex+2}
 19123 | D:13     | Reached skill level 17 in Shapeshifting
 19195 | D:13     | Found Xiyfassi's Neck Hole.
 20145 | D:13     | Reached XP level 15. HP: 149/149 MP: 14/14
 20215 | D:14     | Received a gift from Trog
 20308 | D:14     | Reached skill level 18 in Shapeshifting
 21934 | D:14     | Found a gate to the Vaults.
 21934 | D:14     | Noticed a storm dragon
 22209 | D:15     | Entered Level 15 of the Dungeon
 22229 | D:14     | Reached skill level 19 in Shapeshifting
 22335 | D:15     | Found a staircase to the Depths.
 22417 | D:15     | Found a shimmering blue altar of Sif Muna.
 22511 | D:15     | Found a shadowy altar of Dithmenos.
 22762 | D:15     | Identified the +5 dagger of Blood {venom, Drain rElec rPois
                  | rC+}
 23317 | D:15     | Reached XP level 16. HP: 158/158 MP: 15/15
 23584 | D:14     | Killed a storm dragon
 23584 | D:14     | Received a gift from Trog
 23941 | Orc:1    | Entered Level 1 of the Orcish Mines
 24235 | Orc:1    | Found a one-way gate to the infinite horrors of the Abyss.
 24236 | Orc:1    | Found a corrupted altar of Lugonu.
 24413 | Orc:2    | Entered Level 2 of the Orcish Mines
 24689 | Orc:2    | Found a staircase to the Elven Halls.
 25080 | Orc:2    | Reached skill level 15 in Unarmed Combat
 25185 | Orc:2    | Found Qytiw's Antique Weapon Boutique.
 25185 | Orc:2    | Found Soibomac's Magic Scroll Emporium.
 25187 | Orc:2    | Found Sudwelly's Jewellery Emporium.
 25187 | Orc:2    | Found Daeppigup's Jewellery Boutique.
 25820 | Swamp:1  | Entered Level 1 of the Swamp
 26657 | Swamp:1  | Noticed Roxanne
 26683 | Swamp:1  | Received a gift from Trog
 26958 | Swamp:1  | Killed Roxanne
 27171 | Swamp:2  | Noticed a tentacled monstrosity
 27644 | Swamp:2  | Killed a tentacled monstrosity
 28648 | Swamp:3  | Noticed Mlioglotl
 28657 | Swamp:3  | HP: 6/194 [poisoned by a swamp dragon (poison gas)]
 28766 | Swamp:3  | Noticed Louise
 28775 | Swamp:3  | Killed Louise
 28857 | Swamp:3  | Found a stormy altar of Qazlal.
 29333 | Swamp:2  | Killed Mlioglotl
 29729 | Swamp:4  | Entered Level 4 of the Swamp
 29741 | Swamp:4  | Reached XP level 17. HP: 168/170 MP: 16/16
 30380 | Swamp:4  | Found a runed translucent gate.
 30380 | Swamp:4  | Found a runed translucent gate.
 30380 | Swamp:4  | Found a runed translucent gate.
 30383 | Swamp:4  | Noticed Gadrel's ghost (adept AtMo)
 30990 | Swamp:4  | Paralysed by a fenstrider witch for 3 turns
 31368 | Swamp:4  | Reached skill level 20 in Shapeshifting
 31893 | D:12     | Found a transporter.
 31902 | D:12     | Killed LeprechaunX's ghost
 32896 | Swamp:4  | Reached skill level 1 in Shields
 33429 | Swamp:4  | Reached skill level 5 in Evocations
 33587 | Swamp:4  | Got a decaying rune of Zot
 33686 | Swamp:4  | Killed Gadrel's ghost
 33903 | Snake:1  | Entered Level 1 of the Snake Pit
 34035 | Snake:1  | Identified the +1 kite shield of the Earth {Rampage rElec
                  | rC- Regen+}
 34035 | Snake:1  | Noticed Donald
 34046 | Snake:1  | Killed Donald
 34205 | Snake:1  | Noticed Aizul
 34323 | Snake:1  | Killed Aizul
 34487 | Snake:1  | You fall into a shaft and drop 1 floor!
 34989 | Snake:2  | Reached skill level 5 in Shields
 35035 | Snake:2  | Received a gift from Trog
 35050 | Snake:2  | Reached skill level 10 in Dodging
 35104 | Snake:2  | Reached XP level 18. HP: 182/182 MP: 17/17
 36197 | Snake:3  | Found Viekumm's Antique Weapon Boutique.
 36401 | Snake:3  | Received a gift from Trog
 36934 | Snake:4  | Entered Level 4 of the Snake Pit
 37170 | Snake:4  | Identified the +9 lajatang of Qazlal {drain, rN+}
 37202 | Snake:4  | Received a gift from Trog
 37308 | Snake:4  | Noticed Saont's ghost (adept TeAE)
 37332 | Snake:4  | Found a transporter.
 37416 | Snake:4  | Found a transporter.
 37626 | Snake:4  | Reached skill level 21 in Shapeshifting
 37753 | Snake:4  | Got a serpentine rune of Zot
 37903 | Snake:4  | Killed Saont's ghost
 37909 | Snake:4  | Received a gift from Trog
 37984 | Snake:4  | Identified the amulet "Omegg" {Spirit SInv}
 38333 | Elf:1    | Entered Level 1 of the Elven Halls
 38341 | Elf:1    | Paralysed by a floating eye for 2 turns
 38430 | Elf:1    | Paralysed by a floating eye for 2 turns
 38459 | Orc:2    | Reached XP level 19. HP: 56/189 MP: 18/18
 38625 | Elf:1    | Found Ewoseots's Book Boutique.
 38652 | Elf:1    | Found a magical portal.
 38661 | WizLab   | Entered The Roulette of Golubria
 38661 | WizLab   | Found a transporter.
 38666 | WizLab   | Found a corrupted altar of Lugonu.
 38682 | WizLab   | Found a transporter.
 38686 | WizLab   | Found a corrupted altar of Lugonu.
 38743 | WizLab   | Found a transporter.
 38762 | WizLab   | Found a transporter.
 38772 | WizLab   | Found a corrupted altar of Lugonu.
 38779 | WizLab   | Found a transporter.
 38807 | WizLab   | Found a transporter.
 38825 | WizLab   | Found a transporter.
 38890 | WizLab   | Paralysed by an air elemental for 1 turns
 38895 | WizLab   | Found a transporter.
 38931 | WizLab   | Found a transporter.
 38973 | WizLab   | Found a transporter.
 38981 | WizLab   | Found a transporter.
 39012 | WizLab   | Found a transporter.
 39080 | WizLab   | Found a transporter.
 39080 | WizLab   | Found a transporter.
 39094 | WizLab   | Found a transporter.
 39124 | WizLab   | Found a transporter.
 39126 | WizLab   | Gained mutation: Your body sometimes deteriorates upon
                  | taking damage. [a cacodemon]
 39170 | WizLab   | Found a transporter.
 39176 | WizLab   | Gained mutation: Your body often deteriorates upon taking
                  | damage. [a neqoxec]
 39191 | WizLab   | Received a gift from Trog
 39224 | WizLab   | Found a transporter.
 39247 | WizLab   | Found a transporter.
 39247 | WizLab   | Found a transporter.
 39351 | WizLab   | Identified the +1 cloak of the Vacuum {Will+ Int+5}
 39379 | WizLab   | Identified the -1 cloak "Dioxepha" {Int+3}
 39889 | Elf:1    | Reached skill level 22 in Shapeshifting
 40187 | Elf:1    | Found a radiant altar of Vehumet.
 40400 | Elf:2    | Paralysed by an air elemental for 1 turns
 40636 | Elf:2    | Received a gift from Trog
 40815 | Elf:2    | Identified a scroll of acquirement
 40882 | Elf:2    | Found a huge runed translucent gate.
 40882 | Elf:2    | Found a huge runed translucent gate.
 40882 | Elf:2    | Found a huge runed translucent gate.
 40882 | Elf:2    | Found a huge runed translucent gate.
 40885 | Elf:2    | Found a huge runed translucent gate.
 41438 | Elf:3    | Entered Level 3 of the Elven Halls
 41438 | Elf:3    | Found Vejiwueh's Book Shoppe.
 41438 | Elf:3    | Found Umikyaph's Antique Armour Boutique.
 41471 | Elf:3    | Bought the +2 shield of Resistance {rF++ rC++ Will++} for
                  | 2326 gold pieces
 41471 | Elf:3    | Found the +2 shield of Resistance {rF++ rC++ Will++}
 41795 | Elf:2    | Acquired the +12 gold dragon scales of the Accordion
                  | {+Blink rPois rF+ rC+ Stlth+}
 41907 | Elf:3    | Reached ****** piety under Trog
 42100 | Elf:3    | Found Emut's General Store.
 42109 | Elf:3    | Bought a scroll of teleportation for 57 gold pieces
 42109 | Elf:3    | Bought a scroll of identify for 38 gold pieces
 42248 | Elf:3    | Identified the ring "Jiuhis" {rF+ rC- rN+ Will+ Dex+3}
 42511 | Elf:3    | Noticed a Tzitzimitl
 42602 | Elf:3    | Reached skill level 23 in Shapeshifting
 42619 | Elf:3    | Received a gift from Trog
 42883 | Elf:3    | Noticed a Brimstone Fiend
 43134 | Elf:3    | Reached XP level 20. HP: 201/201 MP: 19/19
 43197 | Elf:3    | Found Jets's Jewellery Shop.
 43810 | Elf:3    | Identified the +8 mace "Firatucs" {flame, Int+4 Stlth-}
 43883 | Elf:3    | Found the +3 crown of Dyrovepreva {rElec Int+2 SInv}
 43889 | Elf:3    | Identified the +8 orcbow of Gaicrij {drain, rF- Str+5}
 44370 | Vaults:1 | Entered Level 1 of the Vaults
 44810 | Vaults:1 | Found Vucek's Antique Armour Shoppe.
 45026 | Vaults:1 | Received a gift from Trog
 45479 | Vaults:1 | Found Kica's Assorted Antiques.
 45580 | Vaults:1 | Reached skill level 24 in Shapeshifting
 45866 | Vaults:2 | Identified the staff "Mosherch" {Will+ rCorr Stlth+ Earth}
 46121 | Vaults:2 | Noticed Saint Roka
 46152 | Vaults:2 | Killed Saint Roka
 46499 | Vaults:2 | Noticed Margery
 46502 | Vaults:2 | Noticed Norris
 46524 | Vaults:2 | Killed Norris
 46525 | Vaults:2 | Reached XP level 21. HP: 112/214 MP: 20/20
 46525 | Vaults:2 | Killed Margery
 47388 | Vaults:1 | Bought the +2 hat of the Bear Spirit {Spirit, Bear, *Rage
                  | Will++} for 1396 gold pieces
 47388 | Vaults:1 | Found the +2 hat of the Bear Spirit {Spirit, Bear, *Rage
                  | Will++}
 47759 | Vaults:3 | Noticed Nikola
 47782 | Vaults:3 | Killed Nikola
 47844 | Vaults:3 | Reached skill level 25 in Shapeshifting
 47852 | Vaults:3 | Received a gift from Trog
 48239 | Vaults:3 | Found a staircase to the Crypt.
 48239 | Vaults:3 | Found a basalt altar of Yredelemnul.
 48239 | Vaults:3 | Found an ancient bone altar of Kikubaaqudgha.
 49798 | Vaults:4 | Received a gift from Trog
 50168 | Vaults:4 | Found Cip Sota's Jewellery Boutique.
 50623 | Depths:1 | Entered Level 1 of the Depths
 50959 | Depths:1 | Received a gift from Trog
 51064 | Depths:1 | Found a one-way gate leading to the halls of Pandemonium.
 51173 | Depths:1 | Found Woannump's Jewellery Emporium.
 51176 | Depths:1 | Found Kodup's Book Boutique.
 51177 | Depths:1 | Found Xuoneil's Jewellery Emporium.
 51193 | Depths:1 | Found a gateway to Hell.
 51794 | Depths:1 | Reached XP level 22. HP: 223/223 MP: 21/21
 52087 | Depths:1 | Received a gift from Trog
 52121 | Abyss:2  | Cast into level 2 of the Abyss (tengu warrior)
 52427 | Depths:2 | Escaped the Abyss
 52582 | Depths:2 | Reached skill level 26 in Shapeshifting
 52588 | Depths:2 | Received a gift from Trog
 52968 | Depths:2 | Found an iron altar of Okawaru.
 53190 | Depths:2 | Found Ranoc's Armour Shop.
 53191 | Depths:2 | Found the +5 demon whip "Spellbinder" {antimagic, disrupt,
                  | Will+}
 53428 | Depths:2 | Paralysed by an air elemental for 1 turns
 53430 | Depths:2 | Paralysed by an air elemental for 1 turns
 53609 | Depths:2 | Noticed an ancient lich
 53612 | Depths:2 | Killed an ancient lich
 53613 | Depths:2 | Received a gift from Trog
 53696 | Depths:3 | Noticed a golden dragon
 53822 | Depths:3 | Killed a golden dragon
 54154 | Depths:3 | Received a gift from Trog
 54164 | Depths:3 | Noticed a caustic shrike
 54174 | Depths:3 | Killed a caustic shrike
 54227 | Depths:3 | Noticed a golden dragon
 54269 | Depths:3 | Killed a golden dragon
 54352 | Depths:3 | Identified the ring "Vychiul" {AC+4 Dex+2}
 54378 | Depths:3 | Identified the ring of the Eight Deaths {rElec rC+}
 54524 | Depths:3 | Reached XP level 23. HP: 232/232 MP: 20/22
 54556 | Depths:3 | HP: 5/301 [spriggan berserker/+0 hand axe (23)]
 54556 | Depths:3 | Slain by a cyan very ugly thing (illusionary)

Illustrated notes

Levels and vault maps discovered:
D:1:      minmay_arrival_four_houses, layout_loops_cross,
          ebering_dispersal_statue_hall
D:2:      layout_basic, serial_shops, shop, shop, shop, corexii_corridor_pit,
          uniq_terence
D:3:      layout_rooms, nicolae_gozag_zags_fifth_avenue, basic_ecumenical_altar,
          solitary_fountain, nrook_mini_vaults
D:4:      layout_rooms, eino_small_chamber_without_monster,
          minmay_parallelograms, minivault_4, uniq_ijyb
D:5:      layout_loops_ring, mainiacjoe_overflow_alcove_2, uniq_sigmund,
          uniq_eustachio, uniq_pikel
D:6:      layout_loops_ring, mainiacjoe_overflow_brackets,
          minmay_temple_entry_grid
D:7:      layout_basic, lightli_temple_of_fire, minmay_fountain_box,
          minmay_misc_feat_secret_circle
D:8:      layout_basic, dpeg_lair_monsters, uniq_jeremiah
D:9:      layout_basic, grunt_temple_overflow_open, minmay_radiant, uniq_harold
D:10:     layout_rooms
D:11:     layout_stronghold, erik_orc_1
D:12:     layout_basic, gammafunk_ghost_smash
D:13:     layout_grid_maze, nicolae_shop_sticking_my_neck_out
D:14:     hangedman_screamer, layout_long_grid,
          hellmonk_vaults_attempted_burglary, roderic_lattice_octagonal_star,
          serial_glass, glass_columns_a, glass_columns_c, glass_columns_b,
          glass_columns_b, glass_columns_a, glass_columns_a, glass_columns_a,
          glass_columns_a, minmay_misc_feat_plants, glass_columns_b
D:15:     grunt_enter_depths_magical_seal, layout_long_grid,
          nicolae_sif_muna_condensation, grunt_ministairs_8, minmay_misc_feat_x,
          nicolae_dithmenos_through_a_glass_darkly
Temple:   hellmonk_temple_flake
Lair:1:   layout_gridlike, nzn_random_ring, infiniplex_staircase_pool,
          uniq_grum, uniq_amaemon
Lair:2:   layout_loops_ring, minmay_swamp_entry_worms,
          nicolae_lair_lakeside_cave
Lair:3:   layout_loops_ring, nicolae_snake_entry_squirm,
          chequers_serial_rivers_micro_b
Lair:4:   layout_loops_ring
Lair:5:   gammafunk_lair_ancient_temple, layout_loops_ring,
          nicolae_slime_entry_slimehenge
Swamp:1:  layout_basic_swamp, nicolae_swamp_dense_foliage, swamp_pool2,
          uniq_roxanne
Swamp:2:  layout_basic_swamp, evilmike_swamp_ruin_rubble_2,
          nicolae_swamp_drake_lake
Swamp:3:  layout_basic_swamp, basic_altar, uniq_louise, uniq_mlioglotl
Swamp:4:  swamp_basic_johnstein, layout_basic_swamp, gammafunk_ghost_split
Snake:1:  layout_cave_shapes, lemuel_fruit_tree, grunt_megastairs_2, uniq_aizul,
          uniq_donald
Snake:2:  layout_onion_interference, st_stairs_12, nicolae_snake_salamander_zone
Snake:3:  layout_misc_corridors, serial_shops,
          nicolae_shop_temple_entry_statues_fountains
Snake:4:  snake_pit, layout_misc_corridors, gammafunk_ghost_berserking_beasts
Orc:1:    layout_diamond_mine, amcnicky_altar_lugonu_corruption
Orc:2:    grunt_orc_tribal_feast, layout_diamond_mine, minmay_orc_temple_c
Elf:1:    eino_elf_arrival_the_gate, layout_geoelf_grid, basic_altar,
          infiniplex_enter_wizlab_water, serial_shops, shop,
          minmay_elf_annihilation, evilmike_ambush [evilmike_ambush_outer_basic,
          evilmike_ambush_inner_basic]
Elf:2:    elven_hall_of_blades_hangedman_alternative
          [infiniplex_blade_entry_pillars], layout_rooms
Elf:3:    grunt_elf_hall_branching, layout_geoelf_castle, serial_shops, shop,
          nicolae_shop_crystal, nicolae_shop_statue_plus, shop
Vaults:1: vaults_mumra_minichess_inversion, hangedman_vaults_unwind,
          nicolae_vaults_rhombus_5, nicolae_vaults_steering_wheel,
          nicolae_vaults_little_squares_1, nicolae_vaults_house_1,
          nicolae_vaults_double_plus_2, nicolae_vaults_trapezoid_layered,
          hangedman_vaults_variations, st_hourglassy,
          nicolae_vaults_circle_grid_a, v_misc_12,
          nicolae_vaults_little_squares_6, layout_vaults_big_cross,
          serial_shops, shop, nicolae_shop_trees
Vaults:2: nicolae_vaults_mitosis, ontoclasm_vaults_gateway,
          nicolae_vaults_little_squares_4, v_misc_16,
          nicolae_vaults_shipping_containers_2, hangedman_vaults_restitches,
          nicolae_vaults_inception_scallops, v_misc_19,
          hangedman_vaults_restitches, nicolae_vaults_double_plus_2,
          nicolae_vaults_tetromino_Z_2, nicolae_vaults_layer_cake_slice,
          vaults_room_semicircle, nicolae_vaults_prndl,
          nicolae_vaults_wine_cellar, layout_vaults_ring, uniq_margery,
          uniq_norris, uniq_saint_roka
Vaults:3: v_misc_5, nicolae_vaults_asterisk, nicolae_vaults_ring_of_whatevers,
          nicolae_vaults_trapezoid_lopsided_4, nicolae_vaults_alarming,
          minmay_crypt_entry_necro_gods, nicolae_vaults_tetromino_T_1,
          vaults_dpeg_doors, ontoclasm_vaults_decontamination,
          nicolae_vaults_little_squares_5, layout_vaults_big_room, uniq_nikola
Vaults:4: v_misc_4, nicolae_vaults_sesquioval_fish, vaults_room_ringed_pool,
          nicolae_vaults_diagonal_hallway_8, nicolae_vaults_puzzle_piece,
          nicolae_vaults_tetromino_Z_2, nicolae_vaults_bisected_slash,
          layout_vaults_omnigrid, serial_shops, shop
Depths:1: layout_roguey, rand_demon_pan_entry_7, hell_entry, dk_noncrumbling_3,
          minmay_orc_keep, minmay_shop_grove, serial_bayou_shore_a
Depths:2: constructs_gauntlet_mu_hangedman, layout_cave_pools,
          rand_demon_pan_entry_3, hell_entry, serial_shops, shop,
          chequers_serial_rivers_micro_e, okawaru_gym_becter
Depths:3: hangedman_arch_fort, layout_cave_pools, hell_entry,
          minmay_room_of_horrors, hangedman_ru_absence

Skill      XL: |  1  2  3  4  5  6  7  8  9 10 11 12 13 14 15 16 17 18 19 20 21 22 |
---------------+-------------------------------------------------------------------+-----
Unarmed Combat | 4 5 6 7 10 11 12 14 16 18 | 18.4
Shapeshifting  | 4 5 7 9 10 11 14 15 17 19 20 21 23 24 25 26 | 26.8
Fighting       | 1 4 5 6 7 8 10 11 12 13 14 | 14.4
Dodging        | 4 5 8 10 13 14 | 14.0
Evocations     | 4 6 |  6.0
Shields        | 5 6 |  6.4

Action                     |  1- 3 |  4- 6 |  7- 9 | 10-12 | 13-15 | 16-18 | 19-21 | 22-24 || total
---------------------------+-------+-------+-------+-------+-------+-------+-------+-------++-------
  Melee: Unarmed           |    80 |   108 |   212 |   552 |  1129 |  1228 |  1217 |   476 ||  5002
         Punch             |     1 |     4 |     6 |       |       |       |     2 |       ||    13
         Constrict         |       |       |       |       |   103 |   101 |       |       ||   204
  Throw: Large rock        |       |       |       |       |       |       |     1 |       ||     1
 Invoke: Berserk           |       |       |     1 |     9 |    13 |    12 |     7 |     1 ||    43
         Trog's Hand       |       |       |       |     3 |    14 |    17 |    20 |     1 ||    55
         Brothers in Arms  |       |       |       |       |     3 |     3 |     2 |       ||     8
  Evoke: Wand              |       |       |       |     3 |       |       |       |     1 ||     4
         Phantom mirror    |       |       |       |     2 |     2 |     1 |     1 |       ||     6
         Phial of floods   |       |       |       |     2 |       |     1 |       |       ||     3
    Use: Potion            |       |       |     1 |       |     1 |     6 |     1 |     2 ||    11
         Scroll            |       |       |     9 |    13 |     2 |     9 |     6 |     3 ||    42
   Stab: Sleeping          |     1 |     1 |     2 |       |     2 |     1 |       |       ||     7
         Distracted        |       |       |       |     1 |       |     1 |     1 |       ||     3
         Invisible         |       |       |       |       |       |     6 |       |       ||     6
 Armour: Animal skin       |    56 |    32 |       |       |       |       |       |       ||    88
         Robe              |       |    48 |   133 |   509 |   394 |       |       |       ||  1084
         Skin              |       |       |     7 |       |   543 |  1750 |  1837 |   939 ||  5076
  Dodge: Dodged            |    35 |    55 |    73 |   371 |   698 |   955 |   798 |   351 ||  3336
  Block: Tower shield      |       |       |       |       |       |   871 |   296 |       ||  1167
         Kite shield       |       |       |       |       |       |       |   613 |   362 ||   975
         Form:             |       |       |       |     1 |       |     1 |     1 |       ||     3
         Flux              |       |       |       |     1 |       |       |       |       ||     1
         Anaconda          |       |       |       |       |     1 |     1 |       |       ||     2
         Maw               |       |       |       |       |     1 |     1 |       |       ||     2
         Blade             |       |       |       |       |       |     1 |       |       ||     1
         Statue            |       |       |       |       |       |     1 |     4 |       ||     5
         Storm             |       |       |       |       |       |       |     3 |       ||     3

Table legend: (Time is in decaauts)
 A = Elapsed time spent in this place.
 B = Non-inter-level travel time spent in this place.
 C = Inter-level travel time spent in this place.
 D = Time resting spent in this place.
 E = Time spent auto-exploring this place.
 F = Levels seen in this place.
 G = Mean time per level.
                   A        B        C        D        E       F      G
               +--------+--------+--------+--------+--------+-----+--------+
         Total |  64604 |  59954 |   4650 |  16194 |  26589 |  44 | 1468.3 |
       Dungeon |  17460 |  15779 |   1681 |   3554 |   8583 |  15 | 1164.0 |
        Temple |     22 |     22 |      0 |      0 |      0 |   1 |   22.0 |
          Lair |   8391 |   7411 |    980 |   1836 |   3640 |   5 | 1678.2 |
         Swamp |   7704 |   7368 |    336 |   3935 |   1637 |   4 | 1926.0 |
     Snake Pit |   6170 |   5880 |    290 |    885 |   3127 |   4 | 1542.5 |
  Orcish Mines |   2093 |   1801 |    292 |    459 |    731 |   2 | 1046.5 |
   Elven Halls |   6880 |   6715 |    165 |   1885 |   2790 |   3 | 2293.3 |
        Vaults |   8819 |   8339 |    480 |   2037 |   4448 |   4 | 2204.8 |
        Depths |   5272 |   4849 |    423 |   1483 |   1631 |   3 | 1757.3 |
         Abyss |    428 |    428 |      0 |      0 |      0 |   2 |  214.0 |
        Wizlab |   1359 |   1359 |      0 |    115 |      0 |   1 | 1359.0 |
               +--------+--------+--------+--------+--------+-----+--------+

Top non-repeatable levels by time:
 Swamp:4: 3268 daAuts
  Lair:2: 2709 daAuts
   Elf:3: 2635 daAuts
   Elf:2: 2619 daAuts
Vaults:4: 2384 daAuts
Vaults:2: 2326 daAuts
Depths:1: 2274 daAuts
    D:14: 2240 daAuts
Vaults:1: 2176 daAuts
    D:13: 2072 daAuts
 Swamp:2: 2040 daAuts
Depths:2: 1991 daAuts
Vaults:3: 1932 daAuts
    D:11: 1834 daAuts
 Snake:2: 1709 daAuts
